 Dungeon Crawl Stone Soup version 0.26-a0-466-g989023bd0d (webtiles) character file.

Game seed: 10063249850490439101

286 pk666 the Magician (level 6, 0/32 HPs)
             Began as a Deep Elf Hedge Wizard on Aug 13, 2020.
             Slain by a scorpion (3 damage)
             ... on level 3 of the Dungeon.
             The game lasted 00:06:49 (4621 turns).

pk666 the Magician (Deep Elf Hedge Wizard)          Turns: 4621, Time: 00:06:49

Health: 0/32       AC:  2    Str:  4 (7)  XL:     6   Next: 8%
Magic:  7/16       EV: 12    Int: 19 (21) God:
Gold:   129        SH:  0    Dex: 12 (14) Spells: 5/16 levels left

rFire    . . .     SeeInvis .   a - +0 dagger
rCold    . . .     Faith    +   (no shield)
rNeg     . . .     Spirit   .   b - +0 robe
rPois    .         Reflect  .   c - +0 hat
rElec    .         Harm     .   (no cloak)
rCorr    .                      (no gloves)
MR       +....                  (no boots)
Stlth    ++........             n - amulet of faith
HPRegen  0.10/turn              e - ring of protection from magic
MPRegen  0.15/turn              (no ring)

@: lethally poisoned (0 -> -16)
A: no striking features
a: no special abilities


You were on level 3 of the Dungeon.
You visited 1 branch of the dungeon, and saw 3 of its levels.

You collected 129 gold pieces.

Inventory:

Hand Weapons
 a - a +0 dagger (weapon)
Missiles
 m - 14 poisoned darts (quivered)
Armour
 b - a +0 robe (worn)
 c - a +0 hat (worn)
Jewellery
 e - a ring of protection from magic (left hand)
 n - an amulet of faith (around neck)
Wands
 r - a wand of enslavement (4)
 w - a wand of flame (20)
Scrolls
 f - 3 scrolls of amnesia {unknown}
 h - 2 scrolls of teleportation {unknown}
 i - 4 scrolls of identify {unknown}
 k - a scroll of magic mapping {unknown}
 l - a scroll of fear {unknown}
 s - a scroll of remove curse {unknown}
 v - a scroll of blinking {unknown}
 x - a scroll of enchant armour {unknown}
 y - a scroll of noise {unknown}
Potions
 d - 3 potions of degeneration
 g - 2 potions of heal wounds {unknown}
 j - a potion of lignification {unknown}
 o - a potion of might {unknown}
 p - a potion of berserk rage {unknown}
 q - a potion of curing {unknown}
 t - a potion of flight {unknown}
 u - a potion of brilliance {unknown}


   Skills:
 - Level 2.4 Dodging
 - Level 2.4 Stealth
 + Level 5.8 Spellcasting
 + Level 3.4 Conjurations
 - Level 2.0 Summonings
 - Level 2.0 Translocations
 + Level 2.0 Fire Magic
 + Level 1.9 Air Magic
 - Level 2.0 Poison Magic


You had 5 spell levels left.
You knew the following spells:

 Your Spells              Type           Power        Failure   Level
a - Magic Dart            Conj           ###.         2%          1
b - Blink                 Tloc           N/A          8%          2
c - Conjure Flame         Conj/Fire      ###.....     11%         3
d - Mephitic Cloud        Conj/Pois/Air  ##......     12%         3
e - Call Imp              Summ           ##......     8%          2

Your spell library contained the following spells:

 Spells                   Type           Power        Failure   Level
 Slow                     Hex            #.......     17%         2


Dungeon Overview and Level Annotations

Branches:
Dungeon (3/15)

Altars:
Dithmenos
Hepliaklqana
Yredelemnul


Message History

Aim: a scorpion (severely wounded)
The magic dart hits the scorpion but does no damage.
The scorpion is severely wounded.
You feel sick. The scorpion stings you!
Unknown command.
Casting: Magic Dart (safe; 2% risk of failure)
Confirm with . or Enter, or press ? or * to list all spells.
Aiming: Magic Dart (safe; 2% risk of failure)
Press: ? - help, Shift-Dir - straight line, f/p - scorpion
Aim: a scorpion (severely wounded)
The magic dart hits the scorpion.
The scorpion is severely wounded.
You feel sick. The scorpion stings you!
* * * LOW HITPOINT WARNING * * *
It was a potion of degeneration.
There was something very wrong with that liquid.
You feel weakened.
You feel dopey.
You feel clumsy.
* * * LOW HITPOINT WARNING * * *
You feel sick. The scorpion stings you.
You die...

#.# #.#########
#.# #.# #.#
#.##### #.# #####
#.....## #.# #...#
#.###..# #.# #.#.#
#####..## #.#
#.#s# #§#....# #.#
#s#.# §W#....#R#
#.# #@#.#
§§#_.._#§§
######.# #.#.#
#§#....#§§
#......# #.#.#
###....#§#
#.###### #.#.#
###...### #.# #.#
##### #.# #.#
#)##############.#
#................#
##################


You could see a scorpion.

Vanquished Creatures
  An orc priest (D:3)
  Natasha (thrice) (D:2)
  Robin (D:2)
  6 adders
  A gnoll (D:2)
  2 worms (D:2)
  2 dart slugs (D:1)
  3 leopard geckos
  4 orcs (D:3)
  A ball python (D:3)
  9 bats
  3 giant cockroaches
  17 goblins
  14 hobgoblins
  7 jackals (D:2)
  A quokka (D:3)
  A frilled lizard (D:1)
  10 kobolds
  5 rats
91 creatures vanquished.

Notes
Turn   | Place    | Note
-------+----------+-------------------------------------------
     0 | D:1      | pk666 the Deep Elf Hedge Wizard began the quest for the
                  | Orb.
     0 | D:1      | Reached XP level 1. HP: 10/10 MP: 7/7
   245 | D:1      | Reached XP level 2. HP: 15/15 MP: 6/9
   249 | D:1      | Learned a level 2 spell: Blink
   799 | D:1      | Reached skill level 5 in Spellcasting
  1091 | D:1      | Reached XP level 3. HP: 19/19 MP: 8/11
  1097 | D:1      | Learned a level 3 spell: Conjure Flame
  1101 | D:1      | Learned a level 3 spell: Mephitic Cloud
  1104 | D:1      | Learned a level 2 spell: Call Imp
  1293 | D:2      | Noticed Natasha
  1303 | D:2      | Killed Natasha
  1554 | D:2      | Found a basalt altar of Yredelemnul.
  1569 | D:2      | Reached XP level 4. HP: 18/24 MP: 7/13
  2052 | D:2      | Noticed Robin
  2073 | D:2      | Killed Robin
  2191 | D:2      | Noticed Natasha
  2207 | D:2      | Killed Natasha
  2207 | D:2      | Reached skill level 1 in Fire Magic
  2207 | D:2      | Reached skill level 1 in Air Magic
  2207 | D:2      | Reached skill level 1 in Poison Magic
  2659 | D:2      | Reached XP level 5. HP: 28/28 MP: 8/14
  2875 | D:2      | Noticed Natasha
  2884 | D:2      | Killed Natasha
  3700 | D:3      | Reached XP level 6. HP: 28/32 MP: 4/16
  4270 | D:3      | Found a hazy altar of Hepliaklqana.
  4271 | D:3      | Found a shadowy altar of Dithmenos.
  4271 | D:3      | Noticed a shadow
  4621 | D:3      | Slain by a scorpion

Illustrated notes

Levels and vault maps discovered:
D:1:      giann_bridges, layout_basic, minmay_misc_feat_x
D:2:      kb_forest_paths, layout_basic, nicolae_overflow_crystal_walls,
          uniq_natasha, uniq_robin
D:3:      layout_basic, riverfiend_overflow_shadow_ancestor,
          minmay_fractal_squares_5

Skill      XL: |  1  2  3  4  5  6 |
---------------+-------------------+-----
Conjurations   | 2 3 |  3.4
Spellcasting   | 5 |  5.8
Translocations | 2 |  2.0
Fire Magic     | 1 2 |  2.0
Air Magic      | 1 |  1.9
Poison Magic   | 1 2 |  2.0
Summonings     | 2 |  2.0
Dodging        | |  2.4
Stealth        | |  2.4

Action                   |  1- 3 |  4- 6 || total
-------------------------+-------+-------++-------
Melee: Dagger            |     2 |       ||     2
 Cast: Magic Dart        |    63 |   184 ||   247
       Mephitic Cloud    |       |     2 ||     2
       Conjure Flame     |       |     2 ||     2
  Use: Potion            |       |     1 ||     1
Armor: Robe              |     1 |     2 ||     3
Dodge: Dodged            |    10 |    35 ||    45

Table legend: (Time is in decaauts)
 A = Elapsed time spent in this place.
 B = Non-inter-level travel time spent in this place.
 C = Inter-level travel time spent in this place.
 D = Time resting spent in this place.
 E = Time spent auto-exploring this place.
 F = Levels seen in this place.
 G = Mean time per level.
                   A        B        C        D        E       F      G
               +--------+--------+--------+--------+--------+-----+--------+
         Total |   4620 |   4558 |     62 |   1070 |   2934 |   3 | 1540.0 |
       Dungeon |   4620 |   4558 |     62 |   1070 |   2934 |   3 | 1540.0 |
               +--------+--------+--------+--------+--------+-----+--------+

Top non-repeatable levels by time:
     D:2: 2007 daAuts
     D:3: 1362 daAuts
     D:1: 1249 daAuts
